| TOP OF THE 1ST |
|
Knoxville Blue Jays batting - Pitching for Birmingham Barons : RHP Gregory DeHart
|
|
Pitching: RHP Gregory DeHart
|
|
|
Batting: SHB Albert Hall
|
0-0: Called Strike 0-1: Foul Ball, location: 2F 0-2: Ground out 4-3 (Groundball, 4MS, EV 82.5 MPH)
|
|
Batting: RHB Jose Canseco
|
0-0: Called Strike 0-1: Called Strike 0-2: Foul Ball, location: 2F 0-2: Ball 1-2: Foul Ball, location: 2F 1-2: SINGLE (Groundball, 56D, EV 98.8 MPH)
|
|
Batting: LHB Ray Cosey
|
0-0: Ball Wild Pitch! Jose Canseco to second 1-0: DOUBLE (Line Drive, 7LM, EV 110.6 MPH) Jose Canseco scores
|
|
Batting: RHB Fritzie Connally
|
0-0: Foul Ball, location: 2F 0-1: Ball 1-1: Ball Ray Cosey steals 3rd base 2-1: Foul Ball, location: 2F 2-2: Ball 3-2: Base on Balls
|
|
Batting: LHB Joe Bivins
|
0-0: Foul Ball, location: 2F 0-1: Ball 1-1: Ball 2-1: Ball 3-1: Called Strike 3-2: Base on Balls Fritzie Connally to second
|
|
Batting: RHB Alex Villalobos
|
0-0: Ball 1-0: Grounds into double play, 4-6-3 (Groundball, 4S, EV 85.6 MPH)
|
| Top of the 1st over - 1 run, 2 hits, 0 errors, 2 left on base; Knoxville 1 - Birmingham 0 |
| BOTTOM OF THE 1ST |
|
Birmingham Barons batting - Pitching for Knoxville Blue Jays : RHP Randy Bockus
|
|
Pitching: RHP Randy Bockus
|
|
|
Batting: RHB Bob Bathe
|
0-0: Called Strike 0-1: Foul Ball, location: 2F 0-2: Foul Ball, location: 2F 0-2: Ball 1-2: Ball 2-2: Reached on error, E5 (Groundball, 56S, EV 66.3 MPH)
|
|
Batting: RHB Timothy Tveit
|
0-0: Called Strike 0-1: Swinging Strike 0-2: Strikes out swinging
|
|
Batting: RHB Bill R Moore
|
0-0: Called Strike 0-1: Foul Ball, location: 2F 0-2: Ball 1-2: Ball 2-2: Fly out, F8 (Flyball, 8RXD, EV 110.6 MPH)
|
|
Batting: LHB Vernon Ramie
|
0-0: Called Strike 0-1: Ball 1-1: Ball 2-1: Ball 3-1: Base on Balls Bob Bathe to second
|
|
Batting: RHB Robin Townley
|
0-0: Ground out 4-3 (Groundball, 4MS, EV 81.3 MPH)
|
| Bottom of the 1st over - 0 runs, 0 hits, 1 error, 2 left on base; Knoxville 1 - Birmingham 0 |
| TOP OF THE 2ND |
|
Knoxville Blue Jays batting - Pitching for Birmingham Barons : RHP Gregory DeHart
|
|
Batting: RHB Jerry Royster
|
0-0: Called Strike 0-1: Ball 1-1: Ball 2-1: Ball 3-1: Ground out 5-3 (Groundball, 5, EV 86.9 MPH)
|
|
Batting: RHB Alex Taveras
|
0-0: Ball 1-0: Ball 2-0: Ball 3-0: Base on Balls
|
|
Batting: SHB Butch Wynegar
|
0-0: Ball 1-0: Ball 2-0: Ball 3-0: Called Strike 3-1: Fly out, F9 (Flyball, 89M, EV 85.0 MPH)
|
|
Batting: SHB Albert Hall
|
0-0: Ball 1-0: Called Strike Alex Taveras steals 2nd base 1-1: Ball 2-1: Fly out, F7 (Flyball, 7, EV 93.8 MPH)
|
| Top of the 2nd over - 0 runs, 0 hits, 0 errors, 1 left on base; Knoxville 1 - Birmingham 0 |
| BOTTOM OF THE 2ND |
|
Birmingham Barons batting - Pitching for Knoxville Blue Jays : RHP Randy Bockus
|
|
Batting: RHB Jim Wilson
|
0-0: Ball 1-0: Ball 2-0: Called Strike 2-1: Ball 3-1: Swinging Strike 3-2: Base on Balls
|
|
Batting: RHB Rod Johnson
|
0-0: Called Strike 0-1: Fielders Choice at 2nd, 6-4 (Groundball, 6M, EV 87.5 MPH)
|
|
Batting: SHB Giampietro Pasquetto
|
0-0: Fly out, F8 (Flyball, 8RXD, EV 100.6 MPH)
|
|
Batting: RHB Gregory Chandler
|
0-0: Ball 1-0: Fielders Choice at 2nd, 6-4 (Groundball, 6, EV 90.0 MPH)
|
| Bottom of the 2nd over - 0 runs, 0 hits, 0 errors, 1 left on base; Knoxville 1 - Birmingham 0 |
| TOP OF THE 3RD |
|
Knoxville Blue Jays batting - Pitching for Birmingham Barons : RHP Gregory DeHart
|
|
Batting: RHB Jose Canseco
|
0-0: Ball 1-0: Ball 2-0: Ground out 6-3 (Groundball, 6, EV 98.1 MPH)
|
|
Batting: LHB Ray Cosey
|
0-0: Ball 1-0: Ball 2-0: Called Strike 2-1: Foul Ball, location: 2F 2-2: Reached via error on a dropped throw from 2B, E3 (Groundball, 4, EV 81.3 MPH)
|
|
Batting: RHB Fritzie Connally
|
0-0: Called Strike Ray Cosey steals 2nd, throwing error, E2 Ray Cosey to third 0-1: Ball 1-1: Ball 2-1: Reached on error, E4 (Groundball, 4S, EV 85.0 MPH) Ray Cosey scores
|
|
Batting: LHB Joe Bivins
|
0-0: Ball 1-0: Ball 2-0: Ball 3-0: Base on Balls Fritzie Connally to second
|
|
Batting: RHB Alex Villalobos
|
0-0: Ball 1-0: Fly out, F3 (Popup, 3SF, EV 72.5 MPH)
|
|
Batting: RHB Jerry Royster
|
0-0: Foul Ball, location: 2F 0-1: Called Strike 0-2: Ball 1-2: Fielders Choice at 2nd, 5-4 (Groundball, 5L, EV 91.9 MPH)
|
| Top of the 3rd over - 1 run, 0 hits, 3 errors, 2 left on base; Knoxville 2 - Birmingham 0 |
| BOTTOM OF THE 3RD |
|
Birmingham Barons batting - Pitching for Knoxville Blue Jays : RHP Randy Bockus
|
|
Batting: RHB Bob Bathe
|
0-0: Ball 1-0: Ball 2-0: Ball 3-0: Base on Balls
|
|
Batting: RHB Timothy Tveit
|
0-0: Swinging Strike 0-1: Ball 1-1: Ball 2-1: Foul Ball, location: 2F 2-2: Foul Ball, location: 2F 2-2: Foul Ball, location: 2F 2-2: Strikes out looking
|
|
Batting: RHB Bill R Moore
|
0-0: Ball 1-0: Ball 2-0: Foul Ball, location: 2F 2-1: Ball Bob Bathe steals 2nd base (no throw) 3-1: Called Strike 3-2: Fly out, F9 (Flyball, 9LS, EV 85.6 MPH)
|
|
Batting: LHB Vernon Ramie
|
0-0: Called Strike 0-1: Ball 1-1: Foul Ball, location: 2F 1-2: Ball 2-2: Foul Ball, location: 2F 2-2: Ball 3-2: Foul Ball, location: 2F 3-2: SINGLE (Groundball, 25, EV 69.4 MPH) (infield hit) Bob Bathe to third
|
|
Batting: RHB Robin Townley
|
0-0: Ball 1-0: Ground out 5-3 (Groundball, 56S, EV 64.4 MPH)
|
| Bottom of the 3rd over - 0 runs, 1 hit, 0 errors, 2 left on base; Knoxville 2 - Birmingham 0 |
| TOP OF THE 4TH |
|
Knoxville Blue Jays batting - Pitching for Birmingham Barons : RHP Gregory DeHart
|
|
Batting: RHB Alex Taveras
|
0-0: Ball 1-0: Foul Ball, location: 2F 1-1: Ball 2-1: Ball 3-1: SINGLE (Line Drive, 78S, EV 101.9 MPH)
|
|
Batting: SHB Butch Wynegar
|
0-0: Ball 1-0: Ball 2-0: Fly out, F8 (Flyball, 8LM, EV 91.9 MPH)
|
|
Batting: SHB Albert Hall
|
0-0: Foul Ball, location: 2F 0-1: Ball 1-1: Called Strike 1-2: SINGLE (Groundball, 15S, EV 66.9 MPH) (infield hit) Alex Taveras to second
|
|
Batting: RHB Jose Canseco
|
0-0: Called Strike 0-1: Ball 1-1: Foul Ball, location: 2F 1-2: SINGLE (Line Drive, 8LS, EV 110.0 MPH) Alex Taveras to third Albert Hall to second
|
|
Batting: LHB Ray Cosey
|
0-0: Ball 1-0: SINGLE (Line Drive, 9S, EV 110.6 MPH) Alex Taveras scores Albert Hall to third Jose Canseco to second Runner from 3rd tries for Home, throw by RF and OUT! 9-2
|
|
Batting: RHB Fritzie Connally
|
0-0: Ball 1-0: Called Strike 1-1: Ball 2-1: Foul Ball, location: 2F 2-2: Ball 3-2: Fly out, F8 (Flyball, 8RXD, EV 95.0 MPH)
|
| Top of the 4th over - 1 run, 4 hits, 0 errors, 2 left on base; Knoxville 3 - Birmingham 0 |
| BOTTOM OF THE 4TH |
|
Birmingham Barons batting - Pitching for Knoxville Blue Jays : RHP Randy Bockus
|
|
Batting: RHB Jim Wilson
|
0-0: Called Strike 0-1: Called Strike 0-2: Strikes out swinging
|
|
Batting: RHB Rod Johnson
|
0-0: Called Strike 0-1: SINGLE (Groundball, 4MD, EV 106.3 MPH)
|
|
Batting: SHB Giampietro Pasquetto
|
0-0: Ball 1-0: Swinging Strike 1-1: Swinging Strike 1-2: Foul Ball, location: 2F 1-2: Ground out 6-3 (Groundball, 56D, EV 96.3 MPH) Rod Johnson to second
|
|
Batting: RHB Gregory Chandler
|
0-0: Ball 1-0: Ball 2-0: Called Strike 2-1: Foul Ball, location: 2F 2-2: Ground out U3 (Groundball, 3, EV 107.5 MPH)
|
| Bottom of the 4th over - 0 runs, 1 hit, 0 errors, 1 left on base; Knoxville 3 - Birmingham 0 |
| TOP OF THE 5TH |
|
Knoxville Blue Jays batting - Pitching for Birmingham Barons : RHP Gregory DeHart
|
|
Batting: LHB Joe Bivins
|
0-0: Ground out 6-3 (Groundball, 6, EV 96.9 MPH)
|
|
Batting: RHB Alex Villalobos
|
0-0: Swinging Strike 0-1: Ball 1-1: Foul Ball, location: 2F 1-2: Ball 2-2: Ball 3-2: Fly out, F9 (Flyball, 9S, EV 90.0 MPH)
|
|
Batting: RHB Jerry Royster
|
0-0: Ball 1-0: Called Strike 1-1: Called Strike 1-2: Ball 2-2: Ball 3-2: Fly out, F7 (Flyball, 7, EV 80.6 MPH)
|
| Top of the 5th over - 0 runs, 0 hits, 0 errors, 0 left on base; Knoxville 3 - Birmingham 0 |
| BOTTOM OF THE 5TH |
|
Birmingham Barons batting - Pitching for Knoxville Blue Jays : RHP Randy Bockus
|
|
Batting: RHB Bob Bathe
|
0-0: Ball 1-0: Ball 2-0: Ball 3-0: Called Strike 3-1: Base on Balls
|
|
Batting: RHB Timothy Tveit
|
0-0: Called Strike 0-1: Called Strike 0-2: Ball 1-2: Ball 2-2: Strikes out looking
|
|
Batting: RHB Bill R Moore
|
0-0: Ball 1-0: Called Strike 1-1: Grounds into double play, 4-6-3 (Groundball, 4S, EV 91.3 MPH)
|
| Bottom of the 5th over - 0 runs, 0 hits, 0 errors, 0 left on base; Knoxville 3 - Birmingham 0 |
| TOP OF THE 6TH |
|
Knoxville Blue Jays batting - Pitching for Birmingham Barons : RHP Gregory DeHart
|
|
Batting: RHB Alex Taveras
|
0-0: Ball 1-0: Ball 2-0: SOLO HOME RUN (Flyball, 7D, EV 105.6 MPH), Distance : 372 ft
|
|
Batting: SHB Butch Wynegar
|
0-0: Ball 1-0: Ball 2-0: Ball 3-0: Called Strike 3-1: Called Strike 3-2: Base on Balls
|
|
Batting: SHB Albert Hall
|
0-0: Ball 1-0: Swinging Strike 1-1: Called Strike 1-2: Ball 2-2: Foul Ball, location: 2F 2-2: Ball 3-2: Base on Balls Butch Wynegar to second
|
|
Batting: RHB Jose Canseco
|
0-0: Foul Ball, location: 2F 0-1: Called Strike 0-2: Ball 1-2: Ball 2-2: Fly out, F4 (Popup, 3D, EV 65.6 MPH)
|
|
Pitching: LHP Todd Richard
|
|
|
Batting: LHB Ray Cosey
|
0-0: SINGLE (Line Drive, 7S, EV 104.4 MPH) Butch Wynegar to third Albert Hall to second
|
|
Batting: RHB Fritzie Connally
|
0-0: Ball 1-0: Ball 2-0: Called Strike 2-1: Ball 3-1: Base on Balls Butch Wynegar scores Albert Hall to third Ray Cosey to second
|
|
Batting: LHB Joe Bivins
|
0-0: Called Strike 0-1: Fly out, F8 (Flyball, 8RM, EV 88.8 MPH) Runner from 3rd tags up, SCORES, throw by CF
|
|
Batting: RHB Alex Villalobos
|
0-0: Ball 1-0: Called Strike 1-1: Fly out, F8 (Flyball, 8RD, EV 96.9 MPH)
|
| Top of the 6th over - 3 runs, 2 hits, 0 errors, 2 left on base; Knoxville 6 - Birmingham 0 |
| BOTTOM OF THE 6TH |
|
Birmingham Barons batting - Pitching for Knoxville Blue Jays : RHP Randy Bockus
|
|
Batting: LHB Vernon Ramie
|
0-0: Called Strike 0-1: Fly out, F7 (Flyball, 7LS, EV 96.9 MPH)
|
|
Batting: RHB Robin Townley
|
0-0: Called Strike 0-1: Swinging Strike 0-2: Ball 1-2: Ground out 6-3 (Groundball, 6, EV 104.4 MPH)
|
|
Batting: RHB Jim Wilson
|
0-0: Called Strike 0-1: Ball 1-1: Ball 2-1: Called Strike 2-2: Ball 3-2: Base on Balls
|
|
Batting: RHB Rod Johnson
|
0-0: Called Strike 0-1: Ball 1-1: Foul Ball, location: 2F 1-2: Ground out U3 (Groundball, 34, EV 103.1 MPH)
|
| Bottom of the 6th over - 0 runs, 0 hits, 0 errors, 1 left on base; Knoxville 6 - Birmingham 0 |
| TOP OF THE 7TH |
|
Knoxville Blue Jays batting - Pitching for Birmingham Barons : LHP Todd Richard
|
|
Batting: RHB Jerry Royster
|
0-0: Ball 1-0: Called Strike 1-1: Ball 2-1: Foul Ball, location: 2F 2-2: Strikes out swinging
|
|
Batting: RHB Alex Taveras
|
0-0: Foul Ball, location: 2F 0-1: Called Strike 0-2: Ground out U3 (Groundball, 3L, EV 96.9 MPH)
|
|
Batting: SHB Butch Wynegar
|
0-0: Swinging Strike 0-1: Swinging Strike 0-2: Ball 1-2: Foul Ball, location: 2F 1-2: Ball 2-2: Strikes out swinging
|
| Top of the 7th over - 0 runs, 0 hits, 0 errors, 0 left on base; Knoxville 6 - Birmingham 0 |
| BOTTOM OF THE 7TH |
|
Birmingham Barons batting - Pitching for Knoxville Blue Jays : RHP Randy Bockus
|
|
Batting: SHB Giampietro Pasquetto
|
0-0: Ball 1-0: Foul Ball, location: 2F 1-1: Fly out, F8 (Line Drive, 8RM, EV 88.1 MPH)
|
|
Batting: RHB Gregory Chandler
|
0-0: Ball 1-0: Foul Ball, location: 2F 1-1: SINGLE (Line Drive, 8RS, EV 104.4 MPH)
|
|
Batting: RHB Bob Bathe
|
0-0: Called Strike 0-1: Foul Ball, location: 2F 0-2: Ball 1-2: Fly out, F8 (Flyball, 8RXD, EV 106.9 MPH)
|
|
Batting: RHB Timothy Tveit
|
0-0: Called Strike 0-1: Ball 1-1: Foul Ball, location: 2F 1-2: Foul Ball, location: 2F 1-2: Ball 2-2: 2-RUN HOME RUN (Flyball, 7D, EV 94.4 MPH), Distance : 386 ft
|
|
Batting: RHB Bill R Moore
|
0-0: Swinging Strike 0-1: Ball 1-1: Ball 2-1: Ball 3-1: Base on Balls
|
|
Batting: LHB Vernon Ramie
|
0-0: Ball 1-0: Called Strike 1-1: Foul Ball, location: 2F 1-2: Strikes out looking
|
| Bottom of the 7th over - 2 runs, 2 hits, 0 errors, 1 left on base; Knoxville 6 - Birmingham 2 |
| TOP OF THE 8TH |
|
Knoxville Blue Jays batting - Pitching for Birmingham Barons : LHP Todd Richard
|
|
Batting: SHB Albert Hall
|
0-0: Ball 1-0: Ball 2-0: Foul Ball, location: 2F 2-1: Swinging Strike 2-2: Ball 3-2: Foul Ball, location: 2F 3-2: Hit by Pitch
|
|
Batting: RHB Jose Canseco
|
0-0: Fly out, F4 (Flyball, 34D, EV 88.1 MPH)
|
|
Batting: LHB Ray Cosey
|
0-0: Ball 1-0: Swinging Strike 1-1: Foul Ball, location: 2F 1-2: Ball Albert Hall steals 2nd base (no throw) 2-2: Foul Ball, location: 2F 2-2: Strikes out swinging
|
|
Pitching: LHP Guy Finch
|
|
|
Batting: RHB Fritzie Connally
|
0-0: Fly out, F9 (Flyball, 89D, EV 95.6 MPH)
|
| Top of the 8th over - 0 runs, 0 hits, 0 errors, 1 left on base; Knoxville 6 - Birmingham 2 |
| BOTTOM OF THE 8TH |
|
Birmingham Barons batting - Pitching for Knoxville Blue Jays : RHP Randy Bockus
|
|
Batting: RHB Robin Townley
|
0-0: Swinging Strike 0-1: Ball 1-1: Foul Ball, location: 2F 1-2: Strikes out swinging
|
|
Batting: RHB Jim Wilson
|
0-0: Called Strike 0-1: Ball 1-1: Ball 2-1: Foul Ball, location: 2F 2-2: Ball 3-2: Strikes out swinging
|
|
Batting: RHB Rod Johnson
|
0-0: Swinging Strike 0-1: Ball 1-1: Ball 2-1: Ground out 3-1 (Groundball, 23, EV 75.6 MPH)
|
| Bottom of the 8th over - 0 runs, 0 hits, 0 errors, 0 left on base; Knoxville 6 - Birmingham 2 |
| TOP OF THE 9TH |
|
Knoxville Blue Jays batting - Pitching for Birmingham Barons : LHP Guy Finch
|
|
Batting: LHB Joe Bivins
|
0-0: Called Strike 0-1: Ball 1-1: Foul Ball, location: 2F 1-2: Fly out, F8 (Flyball, 78D, EV 102.5 MPH)
|
|
Batting: RHB Alex Villalobos
|
0-0: Ball 1-0: Called Strike 1-1: Foul Ball, location: 2F 1-2: Ground out 4-3 (Groundball, 4, EV 88.8 MPH)
|
|
Batting: RHB Jerry Royster
|
0-0: Ball 1-0: Called Strike 1-1: Foul Ball, location: 2F 1-2: Fly out, F8 (Flyball, 8RM, EV 81.9 MPH)
|
| Top of the 9th over - 0 runs, 0 hits, 0 errors, 0 left on base; Knoxville 6 - Birmingham 2 |
| BOTTOM OF THE 9TH |
|
Birmingham Barons batting - Pitching for Knoxville Blue Jays : RHP Randy Bockus
|
|
Pitching: LHP Jeff Haines
|
|
|
Batting: SHB Giampietro Pasquetto
|
0-0: Hit by Pitch
|
|
Batting: RHB Gregory Chandler
|
0-0: Swinging Strike 0-1: Ball 1-1: Ball 2-1: Foul Ball, location: 2F 2-2: Ball 3-2: Base on Balls Giampietro Pasquetto to second
|
|
Batting: RHB Bob Bathe
|
0-0: SINGLE (Groundball, 5S, EV 71.3 MPH) (infield hit) Giampietro Pasquetto to third Gregory Chandler to second
|
|
Batting: RHB Timothy Tveit
|
0-0: Swinging Strike 0-1: Swinging Strike 0-2: Strikes out looking
|
|
Batting: RHB Bill R Moore
|
0-0: Fly out, F8 (Flyball, 8LD, EV 100.0 MPH) Runner from 3rd tags up, SCORES, no throw by CF
|
|
Pinch Hitting: RHB Anthony Veith
|
0-0: Ball 1-0: Foul Ball, location: 2F 1-1: Fly out, F9 (Line Drive, 9, EV 86.3 MPH)
|
| Bottom of the 9th over - 1 run, 1 hit, 0 errors, 2 left on base; Knoxville 6 - Birmingham 3 |
|